 Dungeon Crawl Stone Soup version 0.16-a0-3972-g91ea21f (webtiles) character file.

554 MDvedh the Spear-Bearer (level 7, -7/52 HPs)
             Began as a Merfolk Abyssal Knight on Feb 11, 2015.
             Was a Priest of Lugonu.
             Mangled by Prince Ribbit (8 damage)
             ... on level 4 of the Dungeon.
             The game lasted 00:16:40 (5359 turns).

MDvedh the Spear-Bearer (Merfolk Abyssal Knight)    Turns: 5359, Time: 00:16:40

Health: -7/52      AC:  5    Str: 12    XL:     7   Next: 30%
Magic:  9/13       EV: 18    Int: 11    God:    Lugonu [***...]
Gold:   73         SH:  0    Dex: 21    Spells: 0 memorised, 6 levels left

rFire  . . .     SeeInvis .     C - +1 trident
rCold  . . .     Clarity  .     b - +1 leather armour
rNeg   . . .     SustAb   .     (no shield)
rPois  .         Gourm    .     (no helmet)
rElec  .         Spirit   .     (no cloak)
rCorr  .         Warding  .     (no gloves)
rMut   +         Stasis   .     d - +0 pair of boots
MR     .....                    B - amulet of resist mutation
Stlth  +++.......               (no ring)
                                (no ring)

@: agile, not resistant to hostile enchantments, fairly stealthy
A: change form in water, swift swim
a: Depart the Abyss, Bend Space, Banish, Renounce Religion


You were on level 4 of the Dungeon.
You worshipped Lugonu.
Lugonu was most pleased with you.
You were very hungry.

You visited 1 branch of the dungeon, and saw 5 of its levels.
You visited the Abyss 1 time.
You also visited: Sewer.

You collected 205 gold pieces.
You spent 132 gold pieces at shops.

Inventory:

Hand weapons
 C - a +1 trident (weapon)
Armour
 b - a +1 leather armour (worn)
 d - a +0 pair of boots (worn)
Jewellery
 B - an amulet of resist mutation (around neck)
Magical devices
 z - a wand of draining (4)
Scrolls
 j - 3 scrolls of magic mapping
 k - a scroll of remove curse
 o - a scroll of fog
 p - a scroll of teleportation
 r - a scroll of blinking
Potions
 a - 6 potions of curing
 e - 2 potions of restore abilities
 g - 2 potions of agility
 i - a potion of flight {unknown}
 m - 4 potions of brilliance
 n - 2 potions of degeneration {unknown}
 q - a potion of haste
 s - a potion of cancellation {unknown}
 u - a potion of invisibility
Books
 l - Sif Muna's Handbook of Dark Magic
   (You found it on level 3 of the Dungeon)

   Spells                             Type                      Level
   a - Animate Skeleton               Necromancy                   1
Comestibles
 c - 2 bread rations
 t - a slice of pizza
 w - a meat ration


   Skills:
 - Level 3.2 Fighting
 + Level 9.1 Polearms
 - Level 0.6 Armour
 - Level 2.6 Dodging
 + Level 5.3 Invocations


You had 6 spell levels left.
You didn't know any spells.

Dungeon Overview and Level Annotations

Branches:
Dungeon (5/15)
 Temple: D:4-7

Altars:
Gozag
Sif Muna
Xom

Shops:
D:4 !

Annotations:
D:4 Prince Ribbit


Message History

Prince Ribbit is moderately wounded.
Prince Ribbit misses you.
You miss Prince Ribbit.
Prince Ribbit is moderately wounded.
Prince Ribbit misses you.
You closely miss Prince Ribbit.
Prince Ribbit is moderately wounded.
Prince Ribbit misses you.
You puncture Prince Ribbit!
Prince Ribbit is heavily wounded.
Prince Ribbit hits you!
* * * LOW HITPOINT WARNING * * *
Use which ability? (? or * to list)
Press: ? - help, Shift-Dir - straight line, f/p - Prince Ribbit
Aim: Prince Ribbit (heavily wounded, chance 60%) Prince Ribbit resists with significant effort.
You are feeling very hungry.
You can no longer corrupt the fabric of space.
Prince Ribbit hits you!
You die...

#....#......##.# #....).#.
#....##.....##.########..#.
#....###....##.....####....
##...###....######...##.#.<
##.........##....#...#....
##.###....##.##..........
#>..........#.......##..
####...F##..........#...
#..#@...#####......## #...#...#
##...#....
######.#.....####(...#..##
######.......................#
#......#####........##.##.##.#
#.....#####.............#..#.##
#.........#...######....##.....
#.....###......# #..#..#...#.
########.......#####...........


You could see Prince Ribbit.

Vanquished Creatures
  The ghost of Herrn the Bolt Thrower, an average FoHu (Sewer)
  A big kobold (Sewer)
  A giant frog skeleton (D:4)
  2 orc wizards (D:3)
  9 river rats (Sewer)
  9 adders
  A giant mite (D:4)
  3 worms
  2 giant geckos (D:4)
  An orc (D:3)
  8 ball pythons
  4 bats
  9 hobgoblins
  A jackal (D:3)
  19 kobolds
  2 oozes
  4 giant cockroaches
  4 giant newts
  13 goblins
  21 rats
115 creatures vanquished.

Notes
Turn   | Place    | Note
--------------------------------------------------------------
     0 | Abyss:1  | MDvedh, the Merfolk Abyssal Knight, began the quest for the Orb.
     0 | Abyss:1  | Reached XP level 1. HP: 18/18 MP: 1/1
    51 | D:1      | Escaped the Abyss
    54 | D:1      | Noticed a demonspawn
    54 | D:1      | Noticed an elf
    56 | D:1      | Noticed a demigod
    56 | D:1      | Noticed a dwarf
    58 | D:1      | Noticed a centaur
    58 | D:1      | Noticed a formicid
    60 | D:1      | Noticed a human
    62 | D:1      | Noticed an octopode
    62 | D:1      | Noticed a minotaur
    64 | D:1      | Noticed a gargoyle
    68 | D:1      | Noticed a vampire
    70 | D:1      | Noticed a tengu
    70 | D:1      | Noticed a ghoul
    72 | D:1      | Noticed a naga
    72 | D:1      | Noticed a troll
    74 | D:1      | Noticed a vine stalker
    74 | D:1      | Noticed a merfolk
    76 | D:1      | Noticed a draconian
    76 | D:1      | Noticed a spriggan
    78 | D:1      | Noticed an ogre
    78 | D:1      | Noticed a felid
   210 | D:1      | Acquired Lugonu's first power
   375 | D:1      | Reached skill level 4 in Polearms
   375 | D:1      | Reached XP level 2. HP: 24/24 MP: 2/2
   734 | D:1      | Reached skill level 5 in Polearms
   734 | D:1      | Reached XP level 3. HP: 24/29 MP: 3/3
  1250 | D:2      | Acquired Lugonu's second power
  1287 | D:2      | Reached skill level 6 in Polearms
  1328 | D:2      | Reached XP level 4. HP: 27/35 MP: 5/5
  2074 | D:3      | Found an opulent altar of Gozag.
  2240 | D:3      | Found a deep blue altar of Sif Muna.
  2256 | D:3      | Reached XP level 5. HP: 23/41 MP: 7/7
  2270 | D:3      | Reached skill level 7 in Polearms
  2423 | D:3      | Identified Sif Muna's Handbook of Dark Magic
  3145 | D:4      | Found a glowing drain.
  3149 | Sewer    | Entered a sewer
  3155 | Sewer    | Noticed Herrn's ghost (average FoHu)
  3234 | Sewer    | HP: 1/41 [kobold/short sword (3)]
  3569 | Sewer    | Reached XP level 6. HP: 35/47 MP: 10/10
  3705 | Sewer    | Acquired Lugonu's third power
  4241 | Sewer    | Reached skill level 8 in Polearms
  4565 | Sewer    | Killed Herrn's ghost
  4565 | Sewer    | Reached skill level 5 in Invocations
  4565 | Sewer    | Reached XP level 7. HP: 52/52 MP: 13/13
  4593 | Sewer    | Reached skill level 9 in Polearms
  4804 | D:4      | Found a shimmering altar of Xom.
  4858 | D:4      | Found Likien's Distillery.
  4866 | D:4      | Bought a potion of poison for 12 gold pieces
  4866 | D:4      | Bought a potion of haste for 120 gold pieces
  5062 | D:4      | Acquired Lugonu's fourth power
  5152 | D:5      | Entered Level 5 of the Dungeon
  5152 | D:5      | Noticed Prince Ribbit
  5358 | D:4      | HP: 1/52 [Prince Ribbit (16)]
  5359 | D:4      | Mangled by Prince Ribbit

Action                   |  1- 3 |  4- 6 |  7- 9 || total
-------------------------+-------+-------+-------++-------
Melee: Spear             |   130 |   106 |       ||   236
       Trident           |       |   208 |    59 ||   267
Invok: Depart the Abyss  |     1 |       |       ||     1
       Banish            |       |       |     1 ||     1
Evoke: Wand              |       |     1 |       ||     1
  Use: Scroll            |       |    18 |       ||    18
       Potion            |       |     2 |     4 ||     6
 Stab: Sleeping          |     1 |     3 |       ||     4
       Invisible         |       |     1 |       ||     1
  Eat: Chunk             |     2 |     5 |     2 ||     9
       Beef jerky        |       |     2 |       ||     2
       Pizza             |       |     1 |       ||     1
